Map: Inside and Out

Players

Reaper - Winner!

  • Race: Zerg Zerg
  • Spawn Location: 1:00

Maplez

  • Race: Protoss Protoss
  • Spawn Location: 7:00

Event: DreamHack SC2 Masters 2022 Atlanta (Offline)

VOD

Have the link to the VOD?

Description

Time

  • Played on: Nov. 18, 2022, 11:03 a.m.
  • Length: 5:13

All games in this series

Show
View Real Time Build Order
Export as new Build Order

Reaper Zerg - Winner!

Build Orders: Pool First 

Get SALT Encoding   

  12  0:00  Drone  
  13  0:07  Drone  
  14  0:14  Extractor  
  14  0:15  Drone  
  14  0:30  Spawning Pool  
  14  0:34  Drone  
  14  0:44  Overlord  
  14  0:51  Drone, Extractor  
  15  1:03  Drone  
  16  1:17  Metabolic Boost  
  16  1:18  Zergling x6  
  19  1:27  Queen  
  21  1:34  Overlord  
  21  1:49  Drone  
  22  2:00  Hatchery  
  21  2:02  Drone x2  
  23  2:17  Drone  
  24  2:24  Drone  
  25  2:34  Drone  
  26  2:37  Hatchery  
  25  2:46  Queen  
  25  2:48  Zergling x2  
  28  2:55  Spore Crawler  
  26  3:01  Drone  
  26  3:02  Drone x2  
  30  3:12  Zergling x2  
  31  3:13  Overlord  
  31  3:17  Zergling x2  
  32  3:24  Zergling x8  
  36  3:28  Baneling Nest  
  36  3:33  Zergling x4  
  37  3:44  Zergling x4  
  39  3:50  Zergling x6  
  39  3:53  Overlord  
  42  3:59  Zergling x2  
  42  4:01  Zergling x2  
  44  4:08  Zergling x6  
  47  4:18  Baneling x3  
  47  4:19  Baneling x2  
  47  4:25  Zergling x6  
  47  4:28  Baneling  
  50  4:34  Baneling  
  50  4:37  Zergling x2  
  50  4:38  Zergling x6  
  53  4:46  Overlord  
Show
View Real Time Build Order
Export as new Build Order

Maplez Protoss 

Build Orders:  

Get SALT Encoding   

  12  0:00  Probe  
  13  0:12  Probe  
  14  0:18  Pylon  
  14  0:24  Probe (Chrono Boost)  
  15  0:36  Probe (Chrono Boost)  
  15  0:41  Gateway  
  16  0:45  Probe (Chrono Boost)  
  17  0:51  Assimilator  
  17  0:53  Probe  
  18  1:05  Probe  
  19  1:17  Probe  
  20  1:29  Cybernetics Core  
  20  1:30  Zealot  
  22  1:33  Probe  
  22  1:34  Pylon  
  22  2:02  Adept (Chrono Boost), Gateway  
  22  2:06  Warp Gate  
  24  2:11  Shield Battery  
  24  2:21  Nexus  
  24  2:24  Probe  
  25  2:32  Stalker (Chrono Boost)  
  27  2:39  Shield Battery  
  27  2:42  Probe  
  30  2:55  Probe  
  31  3:02  Assimilator  
  29  3:07  Probe  
  29  3:10  Pylon  
  30  3:19  Probe  
  29  3:20  Stargate  
  29  3:32  Probe (Chrono Boost)  
  29  3:33  Probe (Chrono Boost)  
  32  3:42  Probe (Chrono Boost)  
  32  3:43  Probe (Chrono Boost)  
  32  3:47  Probe (Chrono Boost)  
  32  3:48  Probe (Chrono Boost)  
  33  3:54  Adept x2  
  39  3:57  Pylon  
  39  3:59  Probe  
  40  4:08  Probe  
  45  4:10  Void Ray (Chrono Boost)  
  45  4:11  Probe  
  46  4:20  Probe  
  46  4:24  Nexus  
  47  4:25  Probe  
  48  4:32  Probe  
  48  4:37  Probe  
  48  4:38  Oracle (Chrono Boost)  
  50  4:45  Adept x2  
  58  4:57  Gateway  
  56  5:02  Gateway  
  56  5:03  Pylon  
Tags
 
Add a new tag
Caveats
  • Supply blocks, unpowered buildings, or Contaminate may cause inaccurate times.
  • Supply counts are checked every 10 seconds.